AoeStats
← Vilo41

Arena

509775563Analyzed
1v1 RM · 5d ago on Sep 28, 2026· 35m 0s· 2 players
Game mode
Random Map
Map size
Tiny (2 player)
Population
200
Speed
Normal
Resources
Standard
Victory
Conquest
Starting age
Dark Age
Ending age
Imperial Age
RankedLock teamsTeams togetherTeam positionsShared explorationLock speedFull tech treeHidden civsTurbo modeCheats
Victory
Defeat
🇦🇷 Poles · Argentina
644
+14
🇻🇪 Franks · Venezuela
608
-25
Vilo41
11:26 Feudal Age
12:46 Wheelbarrow
12:03 Double-Bit Axe
12:07 Man-at-Arms
21:36 Castle Age
22:35 Hand Cart
22:34 Bow Saw
23:27 Fletching
25:45 Pikeman
25:50 Crossbowman
27:48 Squires
27:52 Padded Archer Armor
29:55 Gold Mining
33:51 Imperial Age
34:01 Bodkin Arrow
vengadordeldungeon
10:09 Feudal Age
10:35 Horse Collar
10:44 Double-Bit Axe
17:12 Castle Age
19:12 Wheelbarrow
19:23 Heavy Plow
19:37 Bow Saw
20:51 Stone Mining
21:29 Husbandry
25:20 Hand Cart
28:54 Imperial Age
28:37 Scale Mail Armor
28:47 Forging
28:43 Scale Barding Armor
29:33 Bloodlines
31:18 Chemistry
30:38 Ballistics
30:22 Cavalier
31:54 Crop Rotation
32:48 Conscription
32:54 Loom
33:25 Szlachta Privileges
32:58 Light Cavalry
34:02 Chain Mail Armor
34:42 Town Watch
35:55 Bombard Tower
Connection lost

Rejoining the realm…

Still unreachable

The connection could not be restored.

Session expired

The server has moved on; the page needs a fresh start.